 Dungeon Crawl Stone Soup version 0.26-a0-466-g989023bd0d (webtiles) character file.

Game seed: 919652015334912321

59216 HoaS the Wrestler (level 14, -8/72 HPs)
             Began as a Gargoyle Gladiator on Aug 1, 2020.
             Was the Champion of Makhleb.
             Shot with a bolt by an orc knight (15 damage)
             ... on level 12 of the Dungeon.
             The game lasted 00:49:15 (16987 turns).

HoaS the Wrestler (Gargoyle Gladiator)             Turns: 16987, Time: 00:49:16

Health: -8/72      AC: 26    Str: 28    XL:     14   Next: 94%
Magic:  14/14      EV:  8    Int: 10    God:    Makhleb [******]
Gold:   5650       SH:  5    Dex: 11    Spells: 13/13 levels left

rFire    + . .     SeeInvis .     - Unarmed
rCold    . . .     Faith    .   (no shield)
rNeg     + . .     Spirit   .   h - +1 plate armour
rPois    ∞         Reflect  +   I - +2 hat
rElec    +         Harm     .   m - +0 cloak
rCorr    .                      a - +0 pair of gloves
MR       +....                  E - +0 pair of boots
Stlth    ..........             H - amulet of reflection
HPRegen  0.22/turn              v - +6 ring of strength
MPRegen  0.14/turn              z - ring of protection from fire

@: flying
A: big wings, negative energy resistance 1, electricity resistance, unbreathing,
petrification resistance, rot immunity, AC +10
a: Stop Flying, Minor Destruction, Lesser Servant of Makhleb, Major Destruction,
Greater Servant of Makhleb, Renounce Religion


You were on level 12 of the Dungeon.
You worshipped Makhleb.
Makhleb was exalted by your worship.
You visited 4 branches of the dungeon, and saw 20 of its levels.
You also visited: Volcano.

You collected 5650 gold pieces.

Inventory:

Missiles
 c - 4 curare-tipped darts
 o - 100 poisoned darts
 y - 5 boomerangs
 D - 2 throwing nets (quivered)
 G - 9 atropa-tipped darts
Armour
 a - a +0 pair of gloves (worn)
 h - a +1 plate armour (worn)
 m - a +0 cloak (worn)
 E - a +0 pair of boots (worn)
 I - a +2 hat (worn)
Jewellery
 n - the ring of the Devil {Fire +Fly rPois Int-5 Dex+4}
   (You found it on level 6 of the Lair of Beasts)

   [ring of fire]

   It enhances your fire magic.
   It affects your intelligence (-5).
   It affects your dexterity (+4).
   It protects you from fire.
   It makes you vulnerable to cold.
   It protects you from poison.
   It lets you fly.
 v - a +6 ring of strength (left hand)
 z - a ring of protection from fire (right hand)
 H - an amulet of reflection (around neck)
 M - a +4 ring of evasion {unknown}
Wands
 b - a wand of clouds (4)
 l - a wand of random effects (50)
 p - a wand of enslavement (5)
 r - a wand of disintegration (20)
 u - a wand of flame (53)
 F - a wand of iceblast (6)
 J - a wand of polymorph (9)
Scrolls
 i - 6 scrolls of teleportation
 k - 2 scrolls of silence
 q - 5 scrolls of remove curse
 s - 2 scrolls of fear
 t - 5 scrolls of blinking
 w - 2 scrolls of fog
 B - 5 scrolls of identify
 K - a scroll of magic mapping
Potions
 d - 13 potions of curing
 e - 4 potions of flight
 f - 3 potions of lignification
 g - 3 potions of heal wounds
 j - 2 potions of mutation
 x - 5 potions of ambrosia
 A - a potion of cancellation
 C - 3 potions of resistance
 L - a potion of brilliance
 N - 2 potions of haste


   Skills:
 - Level 2.1 Fighting
 - Level 1.7 Throwing
 - Level 2.4 Dodging
 + Level 23.0 Unarmed Combat


You had 13 spell levels left.
You didn't know any spells.
Your spell library contained the following spells:

 Spells                   Type           Power        Failure   Level
 Animate Skeleton         Necr           #.....       99%         1
 Apportation              Tloc           #.....       99%         1
 Corona                   Hex            #......      99%         1
 Foxfire                  Conj/Fire      #...         99%         1
 Magic Dart               Conj           #...         99%         1
 Summon Small Mammal      Summ           #...         99%         1
 Blink                    Tloc           N/A          100%        2
 Call Imp                 Summ           #.......     100%        2
 Ensorcelled Hibernation  Hex/Ice        #.....       100%        2
 Searing Ray              Conj           #.....       100%        2
 Slow                     Hex            #.......     100%        2
 Conjure Flame            Conj/Fire      #.......     100%        3
 Dazzling Flash           Conj/Hex       #.....       100%        3
 Gell's Gravitas          Tloc           #.........   100%        3
 Inner Flame              Hex/Fire       #.......     100%        3
 Mephitic Cloud           Conj/Pois/Air  #.......     100%        3
 Portal Projectile        Hex/Tloc       #.....       100%        3
 Cause Fear               Hex            #.........   100%        4
 Fulminant Prism          Conj/Hex       #.........   100%        4
 Iskenderun's Mystic Bla  Conj/Tloc      #.......     100%        4
 Leda's Liquefaction      Hex/Erth       #.........   100%        4
 Sticky Flame             Conj/Fire      #.......     100%        4
 Fireball                 Conj/Fire      #.........   100%        5
 Silence                  Hex/Air        #.........   100%        5
 Dispersal                Tloc           #.........   100%        6
 Chain Lightning          Conj/Air       #.........   100%        8
 Controlled Blink         Tloc           N/A          100%        8
 Disjunction              Tloc           #.........   100%        8
 Lehudib's Crystal Spear  Conj/Erth      #.........   100%        8
 Absolute Zero            Ice            #.........   100%        9
 Fire Storm               Conj/Fire      #.........   100%        9


Dungeon Overview and Level Annotations

Branches:
Dungeon (12/15)            Temple (1/1) D:7            Lair (6/6) D:10
  Swamp (0/4) Lair:4       Spider (0/4) Lair:4        Slime (0/5) Lair:5
    Orc (1/2) D:12        Volcano (visited)

Altars:
Ashenzari
Cheibriados
Dithmenos
Elyvilon
Fedhas
Gozag
Hepliaklqana
Kikubaaqudgha
Makhleb
Nemelex Xobeh
Okawaru
Qazlal
Ru
Sif Muna
Trog
Uskayaw
Vehumet
Wu Jian
Xom
Yredelemnul
Zin
The Shining One

Shops:
D:11 (


Innate Abilities, Weirdness & Mutations

You are resistant to torment.
Your stone body is resilient. (AC +10)
You are immune to poison.
Your large and strong wings let you fly indefinitely.
You resist negative energy. (rN+)
You are resistant to electric shocks. (rElec)
You can survive without breathing.
You are immune to petrification.
You are immune to rotting.


Message History

You punch the two-headed ogre!
The two-headed ogre is almost dead.
You block the two-headed ogre's attack. x2
You barely miss the two-headed ogre.
The two-headed ogre is almost dead.
You barely miss the two-headed ogre.
The two-headed ogre is almost dead.
The two-headed ogre hits you but does no damage. x2
You barely miss the two-headed ogre.
The two-headed ogre is almost dead.
You pummel the two-headed ogre like a punching bag!!!
You kill the two-headed ogre!
Makhleb accepts your kill.
Your Unarmed Combat skill increases to level 23!
The orc knight shoots a bolt.
The bolt hits you!!
* * * LOW HITPOINT WARNING * * *
You swing at nothing.
You swing at nothing.
You swing at nothing.
The orc knight shoots a bolt.
The bolt hits you!
You die...

#....#.........#..#
####.#.........#.##
#............###
#.....[($.(....#
#..8..)>)..8(..#
##....[.).....##
#...........o#
##.........#)#
#.........#@#
#.........#.#
#....8....#.#
####...####.#
##.......#
#########


You could see an orc knight.

Vanquished Creatures
  Kirke (Lair:6)
  Snorg (D:11)
  3 hydras
  Harold (D:11)
  2 centaur warriors
  7 two-headed ogres
  7 death yaks
  Sonja (D:10)
  An orc knight (D:11)
  An orb spider (Lair:4)
  An oklob plant (Lair:1)
  3 ugly things
  2 black mambas
  21 cane toads
  4 torpor snails
  8 gargoyles
  2 yaktaurs (Volcano)
  4 komodo dragons
  4 trolls
  Grinder (D:3)
  3 tyrant leeches (Lair:6)
  2 slime creatures (Lair:5)
  A hornet (D:10)
  22 blink frogs
  Prince Ribbit (D:6)
  4 hippogriffs
  Sigmund (D:2)
  A wyvern (Lair:3)
  2 shadows (D:12)
  A wraith (D:10)
  Eustachio (D:4)
  6 hogs (Lair:6)
  33 yaks
  2 basilisks (Lair:5)
  A fire elemental (Lair:5)
  A human (Lair:6)
  Grum (D:9)
  11 vampire mosquitoes
  Menkaure (D:4)
  3 wargs
  Edmund (D:6)
  Duvessa (D:5)
  13 water moccasins
  13 porcupines
  8 orc warriors
  A sky beast (D:8)
  4 black bears
  3 ice beasts
  A necrophage (D:11)
  13 ogres
  3 phantoms
  16 wolves
  10 centaurs
  7 crocodiles
  21 bullfrogs
  Dowan (D:5)
  3 scorpions
  4 troll zombies (D:12)
  18 killer bees
  4 wights (D:10)
  A lava snake (Lair:5)
  2 electric eels (Lair:6)
  A centaur zombie (D:11)
  4 bullfrog zombies
  2 quasits
  3 hounds
  A gnoll shaman (D:10)
  7 jellies
  4 centaur skeletons
  3 orc priests
  Crazy Yiuf (D:2)
  A bullfrog skeleton (D:9)
  11 orc wizards
  8 iguanas
  5 worker ants
  A killer bee zombie (D:7)
  4 ogre zombies (D:12)
  A hound zombie (D:8)
  A worker ant zombie (D:5)
  7 gnolls
  11 adders
  A shadow imp (D:6)
  3 white imps
  2 ufetubi
  3 oozes
  2 worms
  A dart slug (D:3)
  6 leopard geckos
  44 orcs
  2 ball pythons (D:1)
  2 giant cockroaches
  9 goblins
  9 hobgoblins
  11 jackals
  8 kobolds
  5 quokkas
  5 bats
  3 frilled lizards
  2 goblin zombies (D:12)
  2 hobgoblin zombies (D:12)
  A jackal skeleton (D:7)
  3 orc skeletons (D:12)
  18 orc zombies (D:12)
  10 rats
  A plant (Lair:1)
550 creatures vanquished.

Vanquished Creatures (others)
  An orc (Orc:1)
  15 fungi
  48 plants
64 creatures vanquished.

Grand Total: 614 creatures vanquished

Notes
Turn   | Place    | Note
-------+----------+-------------------------------------------
     0 | D:1      | HoaS the Gargoyle Gladiator began the quest for the Orb.
     0 | D:1      | Reached XP level 1. HP: 12/12 MP: 1/1
   154 | D:1      | Reached XP level 2. HP: 17/17 MP: 2/2
   347 | D:1      | Reached skill level 4 in Unarmed Combat
   385 | D:1      | Reached XP level 3. HP: 21/21 MP: 3/3
  1109 | D:2      | Reached XP level 4. HP: 26/26 MP: 4/4
  1232 | D:2      | Found an iron altar of Okawaru.
  1290 | D:2      | Found a blossoming altar of Fedhas.
  1378 | D:2      | Noticed Sigmund
  1419 | D:2      | Killed Sigmund
  1419 | D:2      | Reached skill level 6 in Unarmed Combat
  1419 | D:2      | Reached XP level 5. HP: 11/30 MP: 5/5
  1419 | D:2      | Reached XP level 6. HP: 12/35 MP: 6/6
  1911 | D:2      | Found a runed translucent door.
  1912 | D:2      | Noticed Crazy Yiuf
  1919 | D:2      | Killed Crazy Yiuf
  2062 | D:3      | Noticed Grinder
  2100 | D:3      | Paralysed by something for 5 turns
  2106 | D:3      | Paralysed by something for 5 turns
  2141 | D:3      | Paralysed by something for 5 turns
  2148 | D:3      | Killed Grinder
  2148 | D:3      | Reached skill level 7 in Unarmed Combat
  2148 | D:3      | Reached XP level 7. HP: 8/40 MP: 7/7
  2644 | D:3      | Reached skill level 8 in Unarmed Combat
  2757 | D:4      | Noticed Eustachio
  2784 | D:4      | Killed Eustachio
  2805 | D:4      | Found a bloodstained altar of Trog.
  2841 | D:4      | Noticed Menkaure
  2852 | D:4      | Killed Menkaure
  2852 | D:4      | Reached skill level 9 in Unarmed Combat
  3054 | D:4      | Reached XP level 8. HP: 40/44 MP: 8/8
  3476 | D:4      | Found a glowing silver altar of Zin.
  3497 | D:5      | Entered Level 5 of the Dungeon
  3520 | D:5      | Noticed Duvessa
  3520 | D:5      | Noticed Dowan
  3544 | D:5      | Killed Duvessa
  3544 | D:5      | Reached skill level 10 in Unarmed Combat
  3557 | D:5      | Killed Dowan
  3729 | D:5      | Found a sparkling altar of Nemelex Xobeh.
  4581 | D:5      | Reached skill level 11 in Unarmed Combat
  4698 | D:6      | Reached XP level 9. HP: 42/48 MP: 6/9
  4716 | D:6      | Found a radiant altar of Vehumet.
  4724 | D:6      | Noticed Edmund
  4741 | D:6      | Killed Edmund
  4975 | D:6      | Reached skill level 12 in Unarmed Combat
  5058 | D:6      | Noticed Prince Ribbit
  5070 | D:6      | Killed Prince Ribbit
  5404 | D:7      | Identified the +11 falchion "Nurury" {speed, Dex+4}
  5480 | D:7      | Reached skill level 13 in Unarmed Combat
  5515 | D:7      | Noticed a troll
  5523 | D:7      | Killed a troll
  5686 | D:7      | Reached XP level 10. HP: 41/53 MP: 10/10
  5736 | D:7      | Found a staircase to the Ecumenical Temple.
  5745 | Temple   | Entered the Ecumenical Temple
  5753 | Temple   | Became a worshipper of Makhleb the Destroyer
  6023 | D:8      | Found a shattered altar of Ashenzari.
  6072 | D:8      | Found an opulent altar of Gozag.
  6582 | D:8      | Noticed a gargoyle
  6597 | D:8      | Killed a gargoyle
  6691 | D:8      | Reached skill level 14 in Unarmed Combat
  7060 | D:8      | Reached * piety under Makhleb
  7114 | D:9      | Found a glowing golden altar of the Shining One.
  7140 | D:9      | Noticed a red ugly thing
  7157 | D:9      | HP: 2/53 [red ugly thing (23)]
  7158 | D:9      | Killed a red ugly thing
  7255 | D:9      | Found a shadowy altar of Dithmenos.
  7260 | D:9      | Found a shattered altar of Ashenzari.
  7352 | D:9      | Noticed a two-headed ogre
  7374 | D:9      | Killed a two-headed ogre
  7374 | D:9      | Reached skill level 15 in Unarmed Combat
  7421 | D:9      | Found a blossoming altar of Fedhas.
  7425 | D:9      | Identified a scroll of acquirement
  7425 | D:9      | Acquired 1510 gold pieces
  7487 | D:9      | Noticed Grum
  7503 | D:9      | Killed Grum
  7543 | D:9      | Reached XP level 11. HP: 53/57 MP: 11/11
  7816 | D:10     | Entered Level 10 of the Dungeon
  7816 | D:10     | Noticed Sonja
  7821 | D:9      | Reached skill level 16 in Unarmed Combat
  7859 | D:10     | Killed Sonja
  7934 | D:10     | Reached ** piety under Makhleb
  7935 | D:10     | Noticed a centaur warrior
  7951 | D:10     | Killed a centaur warrior
  8617 | D:10     | Found a staircase to the Lair.
  8704 | Lair:1   | Entered Level 1 of the Lair of Beasts
  8714 | Lair:1   | Reached skill level 17 in Unarmed Combat
  8873 | Lair:1   | Reached *** piety under Makhleb
  9150 | Lair:1   | Noticed an oklob plant
  9172 | Lair:1   | Killed an oklob plant
  9172 | Lair:1   | Reached XP level 12. HP: 19/62 MP: 12/12
  9173 | Lair:1   | Identified the Collected Works on the Enthralling Glacier
  9508 | Lair:2   | Reached skill level 18 in Unarmed Combat
 10104 | Lair:2   | Noticed a five-headed hydra
 10117 | Lair:2   | Killed a five-headed hydra
 10645 | Lair:3   | Reached **** piety under Makhleb
 11041 | Lair:4   | Found a hole to the Spider Nest.
 11213 | Lair:4   | Reached skill level 19 in Unarmed Combat
 11328 | Lair:4   | Found a staircase to the Swamp.
 11484 | Lair:4   | Noticed a death yak
 11486 | Lair:4   | Noticed a death yak
 11488 | Lair:4   | Noticed a death yak
 11506 | Lair:4   | Killed a death yak
 11512 | Lair:4   | Killed a death yak
 11512 | Lair:4   | Reached XP level 13. HP: 51/66 MP: 13/13
 11521 | Lair:4   | Found a snail-covered altar of Cheibriados.
 12369 | D:8      | Reached skill level 20 in Unarmed Combat
 12763 | Lair:5   | Found a staircase to the Slime Pits.
 13348 | Lair:6   | Entered Level 6 of the Lair of Beasts
 13387 | Lair:6   | Found a dark tunnel.
 13394 | Volcano  | Entered a volcano
 13521 | Lair:6   | Reached ***** piety under Makhleb
 13697 | Lair:6   | Reached skill level 21 in Unarmed Combat
 13831 | Lair:6   | Noticed Kirke
 13969 | Lair:6   | Gained mutation: Your large and strong wings let you fly
                  | indefinitely. [Gargoyle growth]
 13969 | Lair:6   | Reached XP level 14. HP: 72/72 MP: 14/14
 14116 | Lair:6   | Got a twitching turquoise ring
 14131 | Lair:6   | Identified the ring of the Devil {Fire +Fly rPois Int-5
                  | Dex+4} (You found it on level 6 of the Lair of Beasts)
 14656 | Lair:6   | Noticed a sphinx
 14663 | Lair:6   | Killed Kirke
 14663 | Lair:6   | Reached skill level 22 in Unarmed Combat
 14904 | D:11     | Found Roso's Weapon Emporium.
 14959 | D:11     | Found an ancient bone altar of Kikubaaqudgha.
 15125 | D:11     | Noticed Snorg
 15178 | D:11     | Killed Snorg
 15233 | D:11     | Noticed Harold
 15246 | D:11     | Killed Harold
 15246 | D:11     | Reached ****** piety under Makhleb
 15300 | D:11     | Got a scorched lead ring
 15302 | D:11     | Identified the ring "Suqae" {Fire *Contam rElec MR+ Dex+3}
                  | (You found it on level 11 of the Dungeon)
 16086 | D:12     | Found a staircase to the Orcish Mines.
 16293 | D:12     | Acquired 2840 gold pieces
 16344 | Orc:1    | Entered Level 1 of the Orcish Mines
 16984 | D:12     | Reached skill level 23 in Unarmed Combat
 16987 | D:12     | Shot with a bolt by an orc knight

Illustrated notes

Levels and vault maps discovered:
D:1:      denvon_arrival_planthouse, layout_loops_ring
D:2:      layout_basic, nicolae_overflow_crystal_walls, lemuel_round_altar,
          uniq_sigmund, uniq_crazy_yiuf_cottage
D:3:      layout_rooms, grunt_ministairs_8, minmay_misc_feat_roman, uniq_grinder
D:4:      layout_loops_ring, lemuel_round_altar, zin_treasury, uniq_eustachio,
          uniq_menkaure
D:5:      layout_basic, nemelex_spade_bored_becter, uniq_duvessa
D:6:      layout_rooms, basic_altar, kennysheep_generic_room_14,
          uniq_prince_ribbit1, uniq_edmund
D:7:      layout_rooms, minmay_temple_entry_trees, serial_glass,
          glass_columns_b, glass_columns_b
D:8:      cheibrodos_statue_roulette, layout_basic, grunt_gozag_breadcrumbs,
          basic_altar, minmay_stone_trees_medium
D:9:      layout_rooms, lemuel_crystal_altar, grunt_temple_overflow_open,
          basic_altar, uniq_grum
D:10:     layout_basic, grunt_lair_entry_orc_guard_hut, uniq_sonja
D:11:     minmay_cut_squares, layout_basic, serial_shops, shop, basic_altar,
          uniq_harold, uniq_snorg
D:12:     layout_gridville, zombieorc2_lemuel, minmay_between
Temple:   eino_narrow_crystal_temple
Lair:1:   layout_gridlike, grunt_forest_stairs_basic, minmay_lair_oklob_chamber
Lair:2:   layout_gridlike
Lair:3:   layout_gridlike, lemuel_fruit_fields, lemuel_fruit_fields
Lair:4:   layout_long_grid, minmay_swamp_entry_swarm,
          nicolae_spider_entry_orb_guardian, st_stairs_10,
          kennysheep_snail_temple
Lair:5:   layout_gridlike, minmay_slime_entry_pillars,
          infiniplex_staircase_pool_2
Lair:6:   minmay_lair_end_frog_pond, layout_gridlike,
          nicolae_volcano_entry_hallway, uniq_kirke
Orc:1:    nicolae_orc_accident_1, layout_caves, mines2_david

Skill      XL: |  1  2  3  4  5  6  7  8  9 10 11 12 13 14 |
---------------+-------------------------------------------+-----
Unarmed Combat | 4 6 7 9 11 13 15 17 19 21 23 | 23.0
Fighting       | |  2.1
Throwing       | |  1.7
Dodging        | |  2.4

Action                   |  1- 3 |  4- 6 |  7- 9 | 10-12 | 13-15 || total
-------------------------+-------+-------+-------+-------+-------++-------
Melee: Unarmed           |   124 |    83 |   363 |   683 |   854 ||  2107
       Punch             |     2 |     3 |    12 |    45 |    92 ||   154
Throw: Throwing net      |       |     4 |     2 |       |     2 ||     8
       Dart              |       |       |       |     2 |       ||     2
 Abil: Fly               |       |       |       |       |     1 ||     1
Evoke: Wand              |       |     7 |     1 |     3 |       ||    11
  Use: Scroll            |     8 |     2 |    10 |    11 |    12 ||    43
       Potion            |       |     1 |       |     1 |     4 ||     6
 Stab: Sleeping          |     1 |       |       |       |       ||     1
       Held in net/web   |       |     3 |     2 |       |     1 ||     6
Armor: Leather armour    |    37 |     3 |       |       |       ||    40
       Chain mail        |       |    23 |   131 |       |       ||   154
       Plate armour      |       |       |    61 |   492 |   460 ||  1013
Dodge: Dodged            |    74 |    25 |   156 |   257 |   245 ||   757
Block: Other             |       |       |       |    12 |   155 ||   167
       Reflection        |       |       |       |       |     3 ||     3

Table legend: (Time is in decaauts)
 A = Elapsed time spent in this place.
 B = Non-inter-level travel time spent in this place.
 C = Inter-level travel time spent in this place.
 D = Time resting spent in this place.
 E = Time spent auto-exploring this place.
 F = Levels seen in this place.
 G = Mean time per level.
                   A        B        C        D        E       F      G
               +--------+--------+--------+--------+--------+-----+--------+
         Total |  16378 |  15498 |    880 |   2517 |   9533 |  21 |  779.9 |
       Dungeon |  10475 |   9992 |    483 |   1942 |   5813 |  12 |  872.9 |
        Temple |    180 |    168 |     12 |      0 |    159 |   1 |  180.0 |
          Lair |   5591 |   5206 |    385 |    574 |   3505 |   6 |  931.8 |
  Orcish Mines |     56 |     56 |      0 |      0 |     10 |   1 |   56.0 |
       Volcano |     73 |     73 |      0 |      0 |     46 |   1 |   73.0 |
               +--------+--------+--------+--------+--------+-----+--------+

Top non-repeatable levels by time:
  Lair:4: 1238 daAuts
  Lair:6: 1224 daAuts
     D:8: 1183 daAuts
    D:12: 1170 daAuts
     D:5: 1161 daAuts
     D:2: 1065 daAuts
  Lair:2: 940 daAuts
    D:10: 893 daAuts
     D:1: 878 daAuts
  Lair:1: 777 daAuts
     D:3: 772 daAuts
  Lair:5: 766 daAuts
     D:4: 748 daAuts
     D:9: 733 daAuts
    D:11: 681 daAuts
